 Dungeon Crawl Stone Soup version 0.28.0-53-g5a82cb258f (webtiles) character file.

Game seed: 5503327197510775988

161 Acheron the Stinger (level 5, -3/37 HPs)
             Began as a Demonspawn Venom Mage on July 17, 2022.
             Was an Initiate of Hepliaklqana.
             Killed from afar by Sigmund (9 damage)
             ... with a magic dart
             ... on level 5 of the Dungeon.
             The game lasted 00:15:07 (2843 turns).

Acheron the Stinger (Demonspawn Venom Mage)         Turns: 2843, Time: 00:15:08

Health: -3/37      AC:  6    Str: 10    XL:     5   Next: 19%
Magic:  8/8        EV: 27    Int: 23    God:    Hepliaklqana [......]
Gold:   141        SH:  0    Dex: 13    Spells: 7/8 levels left

rFire   . . .      SeeInvis .   q - +1 trident
rCold   . . .      Faith    .   (no shield)
rNeg    . . .      Spirit   .   a - +0 robe
rPois   .          Reflect  .   f - +0 helmet
rElec   .          Harm     .   (no cloak)
rCorr   .          Rampage  .   (no gloves)
Will    .....                   (no boots)
Stlth   +.........              o - amulet of the acrobat
HPRegen 0.12/turn               c - +6 ring of intelligence
MPRegen 0.11/turn               e - +4 ring of slaying

@: confused, acrobatic, flying
A: molten scales 2, powered by pain 1
a: Renounce Religion


You were on level 5 of the Dungeon.
You worshipped Hepliaklqana.
Hepliaklqana was noncommittal.
You visited 2 branches of the dungeon, and saw 7 of its levels.

You collected 141 gold pieces.

Inventory:

Hand Weapons
 h - a +0 short sword
 q - a +1 trident (weapon)
Missiles
 k - 3 poisoned darts
Armour
 a - a +0 robe (worn)
 f - a +0 helmet (worn)
 j - a +0 leather armour
Jewellery
 c - a +6 ring of intelligence (left hand)
 e - a +4 ring of slaying (right hand)
 i - an amulet of magic regeneration
 l - a ring of fire
 m - an amulet of guardian spirit
 n - a +4 ring of slaying
 o - an amulet of the acrobat (around neck)
Wands
 t - a wand of acid (7)
Scrolls
 b - a scroll of torment
 d - a scroll of amnesia
 g - a scroll of identify
 r - 3 scrolls of enchant weapon


   Skills:
 * Level 1.4 Fighting
 + Level 0.4 Short Blades
 + Level 1.0 Polearms
 * Level 2.7 Dodging
 * Level 3.0 Stealth
 * Level 2.4 Spellcasting
 * Level 1.3 Transmutations
 + Level 3.3 Poison Magic


You had 7 spell levels left.
You knew the following spells:

 Your Spells              Type           Power      Damage    Failure   Level
a - Sting                 Tmut/Pois      52%        1d5       4%          1

Your spell library contained the following spells:

 Spells                   Type           Power      Damage    Failure   Level
 Poisonous Vapours        Pois/Air       20%        N/A       10%         2
 Mephitic Cloud           Conj/Pois/Air  8%         N/A       24%         3
 Olgreb's Toxic Radiance  Pois           18%        N/A       30%         4
 Gell's Gravitas          Tloc           2%         N/A       36%         3
 Lesser Beckoning         Tloc           2%         N/A       36%         3
 Teleport Other           Tloc           2%         N/A       36%         3


Dungeon Overview and Level Annotations

Branches:
Dungeon (6/15)             Temple (1/1) D:5

Altars:
Cheibriados
Dithmenos
Elyvilon
Hepliaklqana
Kikubaaqudgha
Okawaru
Qazlal
Ru
Trog
Uskayaw
Wu Jian
Xom
Zin

Annotations:
D:2 exclusion: downstairs
D:3 2 transporters
D:5 Menkaure, Sigmund


Innate Abilities, Weirdness & Mutations

You are mostly covered in molten scales. (AC +3)
You sometimes gain a little power by taking damage.


Message History

Sigmund completely misses you.
The orc wizard mumbles some strange words.
The orc wizard flickers and vanishes!
Deactivating autopickup; reactivate with Ctrl-A.
Sigmund points at you and mumbles some strange words.
You are confused.
You're too confused to move!
You're too confused to move!
Sigmund misses you.
You bump into the closed door.
Menkaure calls on the powers of darkness!
Sigmund convulses!
Your body is wracked with pain!
* * * LOW HITPOINT WARNING * * *
Menkaure calls on the powers of darkness!
Sigmund convulses!
Your body is wracked with pain!
* * * LOW HITPOINT WARNING * * *
Your magical effects are unravelling.
You feel magically purged.
You feel less confused.
Sigmund casts a spell.
Sigmund flickers and vanishes!
Menkaure opens the door.
You hear some strange, mumbled words.
You are confused.
You are more confused.
It was a potion of flight.
You feel very buoyant.
You fly up into the air.
Menkaure is no longer moving quickly.
Menkaure mumbles some strange words.
Menkaure seems to speed up.
A magic dart appears from out of thin air!
The magic dart hits you but does no damage.
You aren't carrying any potions.
You are too confused!
Menkaure barely misses you.
You hear some strange, mumbled words.
A magic dart appears from out of thin air!
The magic dart hits you!
You die...

#......_......##.....#....#...).
#.##.#...###..##.....######.....
#.##.##.## #...###........o...##
#.##....# #.'...#.....o..@...#
#.#####.####.#...#............#
#.# ##......#...#............#
#.####.......#...#............#
#............#..{####'###.....#
######.......#.@M##.....#.....#
#.......#....#.⌠.⌠.#.....#
########.....###...+..>..'.....#
#.....######'###..##.⌠.⌠.#...###
#..............#...#.....#...#
#..............#...###+###...#
#..............'....#........#
#.....##......#######........####
#..[..##......##.......#####.....


You could see Menkaure (fast).

Vanquished Creatures
  A howler monkey (D:5)
  A bullfrog skeleton (D:5)
  A hound (D:5)
  An iguana (D:6)
  A howler monkey skeleton (D:4)
  An adder skeleton (D:4)
  A dart slug (D:3)
  2 orcs
  A bat (D:3)
  3 endoplasms
  2 giant cockroaches (D:2)
  3 goblins
  A hobgoblin (D:3)
  A jackal (D:4)
  A quokka (D:3)
  2 ball pythons (D:2)
  2 kobolds
  5 rats
30 creatures vanquished.

Notes
Turn   | Place    | Note
-------+----------+-------------------------------------------
     0 | D:1      | Acheron the Demonspawn Venom Mage began the quest for the
                  | Orb.
     0 | D:1      | Reached XP level 1. HP: 13/13 MP: 3/3
   407 | D:2      | Reached skill level 1 in Fighting
   485 | D:2      | Gained mutation: You are partially covered in molten
                  | scales. (AC +2) [demonic ancestry]
   485 | D:2      | Reached XP level 2. HP: 21/21 MP: 5/5
   545 | D:2      | Reached skill level 1 in Transmutations
   569 | D:3      | Found a hide-covered altar of Uskayaw.
  1022 | D:3      | Found a transporter.
  1026 | D:3      | Found a bloodstained altar of Trog.
  1026 | D:3      | Found a transporter.
  1028 | D:3      | Noticed a water moccasin
  1034 | D:3      | Noticed a necrophage
  1035 | D:3      | Noticed a water moccasin
  1650 | D:4      | Reached XP level 3. HP: 26/26 MP: 6/6
  1687 | D:5      | Entered Level 5 of the Dungeon
  1839 | D:5      | Found Ugrefas's Weapon Emporium.
  1921 | D:6      | Gained mutation: You are mostly covered in molten scales.
                  | (AC +3) [demonic ancestry]
  1921 | D:6      | Reached XP level 4. HP: 32/32 MP: 4/7
  2064 | D:6      | Noticed a water moccasin
  2161 | D:6      | Noticed an ice beast
  2188 | D:5      | Reached skill level 1 in Polearms
  2206 | D:5      | Noticed a sky beast
  2256 | D:5      | Found a staircase to the Ecumenical Temple.
  2262 | Temple   | Entered the Ecumenical Temple
  2572 | Temple   | Became a worshipper of Hepliaklqana the Forgotten
  2617 | D:5      | Found an ornate altar of the Wu Jian Council.
  2765 | D:5      | Gained mutation: You sometimes gain a little power by
                  | taking damage. [demonic ancestry]
  2765 | D:5      | Reached XP level 5. HP: 32/37 MP: 8/8
  2785 | D:5      | Noticed Sigmund
  2802 | D:5      | Noticed Menkaure
  2843 | D:5      | Killed from afar by Sigmund

Illustrated notes

Levels and vault maps discovered:
D:1:      minmay_arrival_jagged, layout_rooms,
          hellmonk_ecumenical_altar_pennies_from_heaven
D:2:      layout_basic
D:3:      layout_basic, mainiacjoe_overflow_tiny_flanked,
          gammafunk_temple_overflow_arena, lemuel_round_altar, tso_altar,
          mainiacjoe_overflow_24_doors, minmay_misc_feat_plants, chequers_jeans
D:4:      layout_rooms, minmay_misc_feat_rugged
D:5:      layout_gridville, nicolae_overflow_crystal_walls,
          minmay_temple_entry_hall, serial_shops, shop,
          minmay_misc_feat_pillars, uniq_edmund, uniq_menkaure, uniq_sigmund,
          uniq_ijyb
D:6:      layout_cave_pods
Temple:   dpeg_chambers_temple

Skill      XL: |  1  2  3  4 |
---------------+-------------+-----
Fighting       | 1 |  1.4
Transmutations | 1 |  1.3
Dodging        | 2 |  2.7
Stealth        | 2 3 |  3.0
Polearms       | 1 |  1.0
Short Blades   | |  0.4
Spellcasting   | |  2.4
Poison Magic   | |  3.3

Action                   |  1- 3 |  4- 6 || total
-------------------------+-------+-------++-------
Melee: Short sword       |    34 |       ||    34
       Unarmed           |     2 |       ||     2
       Punch             |     1 |     1 ||     2
       Trident           |    10 |    17 ||    27
 Cast: Sting             |    21 |       ||    21
  Use: Scroll            |     4 |     1 ||     5
       Potion            |       |     3 ||     3
 Stab: Sleeping          |     2 |       ||     2
Armor: Robe              |    14 |     7 ||    21
Dodge: Dodged            |    24 |    23 ||    47
